 Dungeon Crawl Stone Soup version 0.24-a0-218-ga595e75 (webtiles) character file.

Game seed: 15920267604118962248

74 Azzok the Digger (level 4, -2/27 HPs)
             Began as an Octopode Earth Elementalist on Mar 30, 2019.
             Slain by a hobgoblin
             ... wielding a +0 dagger
             ... led by Robin
              (8 damage)
             ... on level 2 of the Dungeon.
             The game lasted 00:04:12 (2600 turns).

Azzok the Digger (Octopode Earth Elementalist)      Turns: 2600, Time: 00:04:13

Health: -2/27      AC:  1    Str:  7    XL:     4   Next: 30%
Magic:  1/8        EV: 13    Int: 18    God:
Gold:   47         SH:  0    Dex: 12    Spells: 5/9 levels left

rFire    . . .     SeeInvis .   (no weapon)
rCold    . . .     Gourm    .   (no shield)
rNeg     . . .     Faith    .   (helmet restricted)
rPois    .         Spirit   .   (no amulet)
rElec    .         Reflect  .   (no ring)
rCorr    .         Harm     .   (no ring)
MR       .....                  (no ring)
Stlth    +++.......             (no ring)
HPRegen  0.09/turn              (no ring)
MPRegen  0.11/turn              (no ring)
                                (no ring)
                                (no ring)

@: no status effects
A: almost no armour, stealthy swim, amphibious, 8 rings, constrict 8, camouflage
1, gelatinous body 1
a: no special abilities


You were on level 2 of the Dungeon.
You were not hungry.

You visited 1 branch of the dungeon, and saw 2 of its levels.

You collected 47 gold pieces.

Inventory:

Missiles
 b - 20 stones (quivered)
Scrolls
 a - 2 scrolls of teleportation {unknown}
 d - a scroll of immolation {unknown}
 f - a scroll of remove curse {unknown}
 h - 3 scrolls of identify {unknown}
 k - a scroll of fog {unknown}
Potions
 e - a potion of berserk rage
 g - a potion of heal wounds {unknown}
 i - 2 potions of flight {unknown}
Comestibles
 c - 2 rations


   Skills:
 - Level 2.0 Dodging
 - Level 2.6 Stealth
 + Level 3.0 Spellcasting
 + Level 1.1 Conjurations
   Level 1.0 Transmutations
 + Level 4.0 Earth Magic


You had 5 spell levels left.
You knew the following spells:

 Your Spells              Type           Power        Failure   Level  Hunger
a - Sandblast             Erth           ###...       3%          1    None
b - Stone Arrow           Conj/Erth      ##....       17%         3    ###....

Your spell library contained the following spells:

 Spells                   Type           Power        Failure   Level  Hunger
 Passwall                 Tmut/Erth      ##......     9%          2    ##.....
 Petrify                  Tmut/Erth      ##......     50%         4    ####...
 Lee's Rapid Deconstruct  Erth           ###.......   65%         5    ######.


Dungeon Overview and Level Annotations

Branches:
Dungeon (2/15)

Altars:

Annotations:
D:2 Robin


Innate Abilities, Weirdness & Mutations

You cannot wear most types of armour.
You are very stealthy in the water. (Stealth+)
You are amphibious.
You can wear up to eight rings at the same time.
You can use your tentacles to constrict eight enemies at once.
Your skin changes colour to match your surroundings (Stealth+).
Your rubbery body absorbs attacks. (AC +1, EV +1)


Message History

You see here a +0 short sword.
Robin throws the goblin at you! The goblin barely misses you.
The goblin hits you.
Robin points. "Kill!"
Things that are here:
a +0 club; a goblin skeleton
There is a stone staircase leading up, spattered with blood here.
Casting: Sandblast (safe; 3% risk of failure)
Confirm with . or Enter, or press ? or * to list all spells.
Aiming: Sandblast (safe; 3% risk of failure)
Press: ? - help, Shift-Dir - straight line, f - hobgoblin
Aim: a hobgoblin, wielding a +0 dagger (unusually strong)
The blast of sand misses the hobgoblin.
b - 20 stones
* * * LOW MAGIC WARNING * * *
The hobgoblin hits you with a +0 dagger.
* * * LOW HITPOINT WARNING * * *
The hobgoblin hits you with a +0 dagger!
You die...

▒·········▒▒▒··▒··▒▒·▒·▒ ▒···
▒·········▒▒▒··▒·▒▒▒·▒·▒▒▒▒···
▒················▒ ▒·▒·▒······
▒▒▒▒·········▒)·▒▒▒·▒·····▒▒▒
▒···········)······▒▒▒▒▒▒▒
▒············g···▒··)·····
▒········g)·▒···g)···▒··▒▒
▒▒▒▒▒▒▒··g▒▒▒▒▒▒▒▒▒▒·)···▒
▒·<@▒ ▒▒▒···· ▒▒▒▒▒ ▒▒▒▒···▒▒▒
▒····▒▒▒ ▒··g▒▒▒▒▒▒ ▒▒▒··g·g·g
▒▒▒▒▒▒▒g


You could see a hobgoblin and a goblin.

Vanquished Creatures
  3 adders (D:2)
  A worm (D:2)
  3 dart slugs
  3 leopard geckos
  2 giant cockroaches
  8 goblins
  3 hobgoblins
  A bat (D:1)
  4 frilled lizards
  5 kobolds
  4 rats (D:2)
37 creatures vanquished.

Notes
Turn   | Place    | Note
-------+----------+-------------------------------------------
     0 | D:1      | Azzok the Octopode Earth Elementalist began the quest for
                  | the Orb.
     0 | D:1      | Reached XP level 1. HP: 11/11 MP: 3/3
   543 | D:1      | Reached XP level 2. HP: 9/17 MP: 5/5
  1016 | D:2      | Reached XP level 3. HP: 18/21 MP: 3/6
  1027 | D:2      | Learned a level 3 spell: Stone Arrow
  1420 | D:2      | HP: 1/21 [poisoned by an adder]
  1425 | D:1      | HP: 1/31 [poisoned by an adder]
  1708 | D:2      | Reached XP level 4. HP: 23/27 MP: 0/8
  2082 | D:2      | Reached skill level 1 in Conjurations
  2184 | D:2      | Noticed Robin
  2554 | D:2      | Reached skill level 4 in Earth Magic
  2600 | D:2      | Slain by a hobgoblin

Levels and vault maps discovered:
D:1:      dpeg_arrival_central, layout_loops_ring
D:2:      layout_rooms, uniq_robin

Skill      XL: |  1  2  3  4 |
---------------+-------------+-----
Spellcasting   | 3 |  3.0
Conjurations   | 1 |  1.1
Earth Magic    | 4 |  4.0
Dodging        | |  2.0
Stealth        | |  2.6
Transmutations | |  1.0

Action                   |  1- 3 |  4- 6 || total
-------------------------+-------+-------++-------
Melee: Unarmed           |    43 |     5 ||    48
       Constrict         |    10 |     2 ||    12
       Tentacles         |     3 |     1 ||     4
 Cast: Sandblast         |    16 |     9 ||    25
       Stone Arrow       |     7 |    13 ||    20
  Use: Potion            |     1 |       ||     1
 Stab: Sleeping          |     5 |       ||     5
  Eat: Chunk             |     2 |     3 ||     5
       Ration            |       |     1 ||     1
Armor: Skin              |     1 |       ||     1
Dodge: Dodged            |    34 |    16 ||    50

Table legend:
 A = Non-vault XP
 B = Vault XP
 C = Vault XP percentage of total XP
 D = Non-vault monster count
 E = Vault monster count
 F = Vault count percentage of total count
                 A         B        C        D         E       F
            +---------+---------+-------+---------+---------+-------
      Total |      95 |      12 |  11.2 |      30 |       7 |  18.9
            +---------+---------+-------+---------+---------+-------
        D:1 |      19 |       0 |   0.0 |      11 |       0 |   0.0
        D:2 |      76 |      12 |  13.6 |      19 |       7 |  26.9
            +---------+---------+-------+---------+---------+-------
